Map: Troizinia LE

Players

Chalupa - Winner!

  • Race: Protoss Protoss
  • Spawn Location: 5:00

VOD

Have the link to the VOD?

Description

Time

  • Played on: April 22, 2020, 11:24 p.m.
  • Length: 4:13
Show
View Real Time Build Order
Export as new Build Order

Chalupa Protoss - Winner!

Build Orders:  

Get SALT Encoding   

  12  0:02  Probe (Chrono Boost)  
  12  0:11  Probe (Chrono Boost)  
  12  0:17  Pylon  
  12  0:21  Probe  
  12  0:35  Probe  
  12  0:37  Gateway  
  12  0:44  Assimilator  
  12  0:47  Probe  
  12  0:52  Assimilator  
  12  0:59  Probe (Chrono Boost)  
  12  1:11  Probe (Chrono Boost)  
  12  1:19  Gateway  
  12  1:25  Cybernetics Core  
  12  1:27  Probe  
  12  1:35  Pylon  
  12  1:44  Probe  
  12  1:56  Probe  
  12  2:05  Stargate  
  12  2:10  Stalker (Chrono Boost)  
  12  2:11  Stalker (Chrono Boost)  
  12  2:16  Warp Gate  
  12  2:34  Stalker  
  12  2:35  Stalker  
  12  2:47  Pylon  
  12  3:04  Stalker (Chrono Boost)  
  12  3:12  Stalker (Chrono Boost)  
  12  3:18  Pylon  
  12  3:26  Stalker (Chrono Boost)  
  12  3:38  Nexus  
  12  3:41  Probe  
  12  3:56  Probe  
  12  4:05  Pylon  
Tags
 
Add a new tag
Caveats
  • Supply blocks, unpowered buildings, or Contaminate may cause inaccurate times.
  • Supply counts are checked every 10 seconds.